 Dungeon Sprint DCSS version 0.20-a0-1126-g0f15420 (webtiles) character file.

951 potatolord6000 the Blocker (level 7, -10/69 HPs)
             Began as a Demigod Fighter on May 17, 2017.
             Killed from afar by a deep elf mage (18 damage)
             ... with a bolt of negative energy
             ... in the Dungeon (Sprint IX: "|||||||||||||||||||||||||||||").
             The game lasted 00:01:51 (232 turns).

potatolord6000 the Blocker (Demigod Fighter)         Turns: 232, Time: 00:01:51

Health: -10/69     AC: 20    Str: 26    XL:     7   Next: 59%
Magic:  9/9        EV:  6    Int: 15    God:
Gold:   0          SH: 11    Dex: 15    Spells: 6/6 levels left

rFire    . . .     SeeInvis .   n - +2 morningstar (protect)
rCold    . . .     Gourm    .   c - +0 shield
rNeg     . . .     Faith    .   p - +1 chain mail
rPois    .         Spirit   .   (no helmet)
rElec    .         Reflect  .   (no cloak)
rCorr    .         Harm     .   a - +0 pair of gloves
MR       .....     NoTele   +   o - +0 pair of boots
Stlth    ..........             (no amulet)
Regen    0.3/turn               b - +3 ring of strength
MPRegen  0.2/turn               q - +3 ring of intelligence

@: protection aura, heavily drained
A: high mp 1
a: no special abilities


You were in the Dungeon.
You were not hungry.

You visited 1 branch

Inventory:

Hand Weapons
 n - a +2 morningstar of protection (weapon)
Armour
 a - a +0 pair of gloves (worn)
 c - a +0 shield (worn)
 o - a +0 pair of boots (worn)
 p - a +1 chain mail (worn)
Jewellery
 b - a +3 ring of strength (left hand)
 q - a +3 ring of intelligence (right hand)
Scrolls
 k - 2 scrolls of blinking
 l - 3 scrolls of remove curse
 m - 2 scrolls of amnesia
Potions
 d - a potion of might
 e - 5 potions of curing
 g - a potion of invisibility
 h - a potion of haste
 i - 4 potions of magic
 j - 2 potions of heal wounds
Comestibles
 f - a bread ration


   Skills:
 + Level 8.4(6.2) Fighting
 + Level 8.2(6.0) Maces & Flails
 + Level 8.4(6.2) Armour
 + Level 8.5(6.3) Shields


You had 6 spell levels left.
You didn't know any spells.

Dungeon Overview and Level Annotations

Branches:
Dungeon (1/1)


Innate Abilities, Weirdness & Mutations

You have an increased reservoir of magic. (+10% MP)


Message History

The deep elf mage points at you and mumbles some strange words.
The bolt of negative energy hits the ice devil.
The ice devil completely resists.
The bolt of negative energy hits you!
You feel drained.
* * * LOW HITPOINT WARNING * * *
You puncture the ice devil!
The ice devil is almost dead.
You block the ice devil's attack. The deep elf mage casts a spell at you.
The bolt of negative energy hits the ice devil.
The ice devil completely resists.
The bolt of negative energy hits you!
You feel drained. You block the ice devil's attack.
You barely miss the ice devil.
The ice devil is almost dead.
The ice devil hits you but does no damage.
The deep elf mage points at you and mumbles some strange words.
The bolt of negative energy hits the ice devil.
The ice devil completely resists.
The bolt of negative energy hits you!
You feel drained.
You die...

▓.▓
▓.▓
▓'▓
▓)▓
▓.▓
▓.▓
▓.▓
▓.▓
▓@▓
▓4▓
▓e▓
▓F▓
▓F▓
▓.▓
▓.▓
▓.▓


You could see an ice devil, a deep elf mage and 2 bullfrogs.

Vanquished Creatures
  A gargoyle (D)
  An orc warrior (D)
  2 ice beasts (D)
  A black bear (D)
  An ogre (D)
  A centaur (D)
  2 howler monkeys (D)
  2 iguanas (D)
  2 leopard geckos (D)
  A bat (D)
  A ball python (D)
  A frilled lizard (D)
  A jackal skeleton (D)
  A rat (D)
18 creatures vanquished.

Notes
Turn   | Place    | Note
-------+----------+-------------------------------------------
     0 | D        | potatolord6000 the Demigod Fighter began the quest for the Orb.
     0 | D        | Reached XP level 1. HP: 18/18 MP: 3/3
    30 | D        | Noticed an iguana
    30 | D        | Noticed a centaur
    30 | D        | Noticed an ice beast
    30 | D        | Noticed an ice beast
    42 | D        | Killed an iguana
    42 | D        | Reached XP level 2. HP: 27/27 MP: 4/4
    45 | D        | Killed a centaur
    45 | D        | Reached skill level 5 in Fighting
    45 | D        | Reached skill level 5 in Shields
    45 | D        | Reached XP level 3. HP: 36/36 MP: 5/5
    45 | D        | Reached XP level 4. HP: 42/42 MP: 6/6
    49 | D        | Killed an ice beast
    49 | D        | Reached skill level 5 in Maces & Flails
    49 | D        | Reached skill level 5 in Armour
    49 | D        | Reached XP level 5. HP: 50/50 MP: 7/7
    52 | D        | Killed an ice beast
    58 | D        | Found a roughly hewn altar of Beogh.
    58 | D        | Found a snail-covered altar of Cheibriados.
    58 | D        | Found a shadowy altar of Dithmenos.
    58 | D        | Found a white marble altar of Elyvilon.
    58 | D        | Found a blossoming altar of Fedhas.
    58 | D        | Found an opulent altar of Gozag.
    59 | D        | Found a hazy altar of Hepliaklqana.
    60 | D        | Found a viscous altar of Jiyva.
    61 | D        | Found an ancient bone altar of Kikubaaqudgha.
    62 | D        | Found a corrupted altar of Lugonu.
    63 | D        | Found a burning altar of Makhleb.
    64 | D        | Found a sparkling altar of Nemelex Xobeh.
    65 | D        | Found an iron altar of Okawaru.
    66 | D        | Found a stormy altar of Qazlal.
    67 | D        | Found a sacrificial altar of Ru.
    68 | D        | Found a deep blue altar of Sif Muna.
    69 | D        | Found a bloodstained altar of Trog.
    70 | D        | Found a hide-covered altar of Uskayaw.
    71 | D        | Found a radiant altar of Vehumet.
    72 | D        | Found an ornate altar of the Wu Jian Council.
    73 | D        | Found a shimmering altar of Xom.
    74 | D        | Found a basalt altar of Yredelemnul.
    75 | D        | Found a glowing silver altar of Zin.
    76 | D        | Found a glowing golden altar of the Shining One.
   130 | D        | Noticed a gargoyle
   130 | D        | Noticed an ogre
   130 | D        | Noticed a black bear
   130 | D        | Noticed an orc warrior
   135 | D        | Killed a gargoyle
   135 | D        | Reached XP level 6. HP: 50/60 MP: 8/8
   137 | D        | Reached XP level 7. HP: 56/67 MP: 9/9
   217 | D        | Noticed a deep elf mage
   221 | D        | Noticed an ice devil
   232 | D        | Killed from afar by a deep elf mage

Vault maps used:
D:        linesprint

Skill      XL: |  1  2  3  4  5  6  7 |
---------------+----------------------+-----
Fighting       | 3 5 7 8 |  8.4
Maces & Flails | 3 4 5 7 8 |  8.2
Armour         | 3 4 5 7 8 |  8.4
Shields        | 3 5 7 8 |  8.5

Action                   |  1- 3 |  4- 6 |  7- 9 || total
-------------------------+-------+-------+-------++-------
Melee: Flail             |    32 |     7 |       ||    39
       Morningstar       |       |     6 |    31 ||    37
  Use: Potion            |     2 |       |       ||     2
Armor: Scale mail        |     9 |     3 |       ||    12
       Chain mail        |       |     2 |    13 ||    15
Dodge: Dodged            |     9 |     3 |     6 ||    18
Block: Shield            |    22 |     1 |    18 ||    41
